[Event "9th Sharjah Cup Women 2018"]
[Site "Sharjah"]
[Date "2018.12.14"]
[Round "1"]
[White "Szczepkowska Karina"]
[Black "Mariam Mohammed Almaeeni"]
[Result "*"]
[ECO "C10"]
[WhiteElo "2408"]
[BlackElo "1096"]
[PlyCount "59"]
[EventDate "2018.12.14"]
[EventType "swiss"]
[EventCountry "UAE"]
[TimeControl "5400+30"]

1. e4 e6 2. d4 d5 3. Nd2 dxe4 4. Nxe4 Nd7 5. Bd3 Ngf6 6. Qe2 Nxe4 7. Bxe4 Nf6 8. Bxb7 Rb8 9. Bxc8 Qxc8 10. Nf3 g6 11. O-O Bg7 12. c3 O-O 13. Bf4 Qb7 14. Rab1 Nh5 15. Be5 f6 16. Bg3 Nxg3 17. Qxe6+ Kh8 18. hxg3 Rbe8 19. Qb3 Qc6 20. Rfe1 Rb8 21. Qa3 Rg8 22. b4 Qc4 23. Qb3 Qxb3 24. axb3 Bh6 25. Ra1 Rb7 26. Ra6 Kg7 27. Re7+ Kf8 28. Rae6 Rg7 29. Re8+ Kf7 30. R6e7# *

[Event "9th Sharjah Cup Women 2018"]
[Site "Sharjah"]
[Date "2018.12.14"]
[Round "1"]
[White "Bulmaga Irina"]
[Black "Mira Husain Al Hammadi"]
[Result "1-0"]
[ECO "C65"]
[WhiteElo "2391"]
[BlackElo "1084"]
[PlyCount "33"]
[EventDate "2018.12.14"]
[EventType "swiss"]
[EventCountry "UAE"]
[TimeControl "5400+30"]

1. e4 e5 2. Nf3 Nc6 3. Bb5 Bc5 4. O-O Nf6 5. c3 Bb6 6. d4 exd4 7. cxd4 a6 8. Ba4 d5 9. exd5 Nxd5 10. Re1+ Be6 11. Ne5 Qd6 12. Nc3 f6 13. Nc4 Qd7 14. Nxd5 Qxd5 15. Nxb6 cxb6 16. Bb3 Qd7 17. Bxe6 1-0

[Event "9th Sharjah Cup Women 2018"]
[Site "Sharjah"]
[Date "2018.12.15"]
[Round "1"]
[White "Gevorgyan Irina"]
[Black "Alyazya Hamad R Alkharoossi"]
[Result "1-0"]
[ECO "C41"]
[WhiteElo "2301"]
[BlackElo "1079"]
[PlyCount "49"]
[EventDate "2018.12.14"]
[EventType "swiss"]
[EventCountry "UAE"]
[TimeControl "5400+30"]

1. Nf3 d6 2. d4 Nf6 3. Nc3 Nbd7 4. e4 e5 5. Be2 Be7 6. O-O c6 7. a4 b6 8. Re1 a6 9. Bf1 Bb7 10. b3 exd4 11. Nxd4 c5 12. Nf5 O-O 13. Nxd6 Bxd6 14. Qxd6 Re8 15. f3 Nf8 16. Qxd8 Raxd8 17. Be3 Ng6 18. a5 bxa5 19. Rxa5 Nd7 20. Bxa6 Ra8 21. Rea1 Bxa6 22. Rxa6 Rxa6 23. Rxa6 h6 24. Ra7 Nf6 25. Bxc5 1-0

[Event "9th Sharjah Cup Women 2018"]
[Site "Sharjah"]
[Date "2018.12.15"]
[Round "1"]
[White "Gu Xiaobing"]
[Black "Al-Hammadi Manal Hussein"]
[Result "1-0"]
[ECO "C28"]
[WhiteElo "2295"]
[BlackElo "1074"]
[PlyCount "53"]
[EventDate "2018.12.14"]
[EventType "swiss"]
[EventCountry "UAE"]
[TimeControl "5400+30"]

1. e4 e5 2. Bc4 Nc6 3. d3 Bc5 4. Nc3 Nf6 5. Bg5 d6 6. Nd5 Be6 7. Bxf6 gxf6 8. Qh5 Nd4 9. Ne3 Qd7 10. c3 Nc6 11. Bxe6 Qxe6 12. Nd5 O-O-O 13. Qf3 Rhg8 14. Ne2 Qg4 15. b4 Bb6 16. b5 Nb8 17. Ne7+ Kd7 18. Nxg8 Rxg8 19. Qxg4+ Rxg4 20. Ng3 c6 21. a4 Ba5 22. Kd2 Rf4 23. f3 d5 24. Kc2 d4 25. cxd4 exd4 26. h4 Bc7 27. Ne2 1-0

[Event "9th Sharjah Cup Women 2018"]
[Site "Sharjah"]
[Date "2018.12.14"]
[Round "1"]
[White "Aisha Mohamed Al Muaini"]
[Black "Cornette Deimante, .."]
[Result "0-1"]
[ECO "A04"]
[WhiteElo "1134"]
[BlackElo "2455"]
[PlyCount "30"]
[EventDate "2018.12.14"]
[EventType "swiss"]
[EventCountry "UAE"]
[TimeControl "5400+30"]

1. e4 d6 2. Nf3 c5 3. d3 g6 4. g3 Bg7 5. Bg2 Nc6 6. O-O e6 7. c3 Nge7 8. Nbd2 O-O 9. Nh4 Rb8 10. f4 Qc7 11. a4 a6 12. Nc4 d5 13. Ne3 d4 14. cxd4 Nxd4 15. Nf3 Nec6 0-1

[Event "9th Sharjah Cup Women 2018"]
[Site "Sharjah"]
[Date "2018.12.14"]
[Round "1"]
[White "Socko Julia"]
[Black "Mkrtchian Lilit"]
[Result "0-1"]
[ECO "A45"]
[WhiteElo "1092"]
[BlackElo "2382"]
[PlyCount "34"]
[EventDate "2018.12.14"]
[EventType "swiss"]
[EventCountry "UAE"]
[TimeControl "5400+30"]

1. d4 Nf6 2. c3 b6 3. Nf3 Bb7 4. Bg5 d6 5. Nbd2 Nbd7 6. e3 h6 7. Bxf6 Nxf6 8. Qa4+ c6 9. c4 g6 10. d5 Qd7 11. Nd4 cxd5 12. Nb5 Rc8 13. Qxa7 Bg7 14. Qxb6 O-O 15. Na7 Rb8 16. cxd5 Nxd5 17. Qa5 Ra8 0-1

[Event "9th Sharjah Cup Women 2018"]
[Site "Sharjah"]
[Date "2018.12.14"]
[Round "1"]
[White "Essa Shahad"]
[Black "Khukhashvili Sopiko"]
[Result "0-1"]
[ECO "B35"]
[WhiteElo "1080"]
[BlackElo "2338"]
[PlyCount "46"]
[EventDate "2018.12.14"]
[EventType "swiss"]
[EventCountry "UAE"]
[TimeControl "5400+30"]

1. e4 c5 2. Nf3 g6 3. d4 cxd4 4. Nxd4 Bg7 5. Nc3 Nc6 6. Be3 Nf6 7. f3 O-O 8. Bc4 Qb6 9. Qd2 {Diagram [#]} Nxe4 10. Nxe4 Bxd4 11. Bxd4 Qxd4 12. Qxd4 Nxd4 13. O-O-O Nf5 14. Rhe1 d6 15. g4 Nh4 16. Nd2 e6 17. Re2 d5 18. Bb3 g5 19. h3 b5 20. c3 Ng6 21. Bc2 Nf4 22. Rh2 Kg7 23. Re1 a5 0-1

[Event "9th Sharjah Cup Women 2018"]
[Site "Sharjah"]
[Date "2018.12.15"]
[Round "1"]
[White "Khezrian Neda"]
[Black "Velikic Adela"]
[Result "0-1"]
[ECO "B13"]
[WhiteElo "1076"]
[BlackElo "2298"]
[PlyCount "78"]
[EventDate "2018.12.14"]
[EventType "swiss"]
[EventCountry "UAE"]
[TimeControl "5400+30"]

1. e4 c6 2. d4 d5 3. exd5 cxd5 4. Nc3 Nc6 5. Nf3 Nf6 6. Bb5 Bf5 7. O-O e6 8. Bg5 Be7 9. Bxc6+ bxc6 10. Re1 O-O 11. Qe2 h6 12. Bh4 Rc8 13. Rad1 Qa5 14. Ne5 Rfe8 15. Bxf6 Bxf6 16. Nd7 Be7 17. Ne5 Qb4 18. Rb1 Qxd4 19. Nf3 Qb6 20. Na4 Qb5 21. Nc3 Qxe2 22. Rxe2 Bf6 23. Na4 c5 24. Rd1 Be4 25. Nc3 Bxc3 26. bxc3 Bxf3 27. gxf3 Rb8 28. f4 g6 29. f3 Kf8 30. Re5 Rb2 31. c4 f6 32. Re2 d4 33. a4 Rb4 34. a5 Rxc4 35. Rb1 Kf7 36. Rb7+ Re7 37. a6 Rxb7 38. axb7 Rb4 39. Kf2 Rxb7 0-1

[Event "9th Sharjah Cup Women 2018"]
[Site "Sharjah"]
[Date "2018.12.15"]
[Round "1"]
[White "Fatma Faisal Albutehi"]
[Black "Kulkarni Bhakti"]
[Result "0-1"]
[ECO "B01"]
[WhiteElo "1069"]
[BlackElo "2283"]
[PlyCount "44"]
[EventDate "2018.12.14"]
[EventType "swiss"]
[EventCountry "UAE"]
[TimeControl "5400+30"]

1. e4 d5 2. exd5 Qxd5 3. Nc3 Qd6 4. Be2 Nf6 5. Nf3 Bg4 6. O-O e6 7. h3 Bh5 8. d3 Be7 9. Re1 O-O 10. Bg5 Nc6 11. Bxf6 gxf6 12. Nh4 Bxe2 13. Qxe2 Nd4 14. Qg4+ Kh8 15. Re3 Nxc2 16. Rg3 Rg8 17. Qf3 Rxg3 18. fxg3 Nxa1 19. Ne4 Qb4 20. Qd1 Qxb2 21. Qf1 f5 22. Nf2 Bc5 0-1

[Event "9th Sharjah Cup Women 2018"]
[Site "Sharjah"]
[Date "2018.12.15"]
[Round "2"]
[White "Mkrtchian, Lilit"]
[Black "Shanya Mishra"]
[Result "1/2-1/2"]
[ECO "A16"]
[WhiteElo "2392"]
[BlackElo "1978"]
[Annotator "NA"]
[PlyCount "75"]
[EventDate "2018.12.14"]
[EventType "swiss"]
[EventCountry "UAE"]
[SourceTitle "playchess.com"]
[Source "ChessBase"]
[SourceQuality "1"]
[TimeControl "5400+30"]

1. c4 Nf6 2. Nc3 d5 3. cxd5 Nxd5 4. g3 g6 5. Bg2 Nb6 6. d3 Bg7 7. Be3 O-O 8. Qd2 N8d7 {[%emt 0:01:16] A16: English Opening: 1...Nf6 with ...d5} (8... Nc6 9. Bxc6 bxc6 10. Bh6 Nd5 11. Bxg7 Kxg7 12. Nf3 f6 13. O-O Bg4 14. Kg2 h5 15. h4 Qd7 16. Ng1 e5 {1-0 (26) Romanov,E (2647)-Tomczak,J (2560) Germany 2014}) 9. Bh6 Nf6 10. Nf3 c6 11. O-O {[%emt 0:05:40] LiveBook: 4 Games} Re8 12. Bxg7 Kxg7 13. d4 Bf5 $146 ({Predecessor:} 13... Nbd5 14. Nxd5 {½-½ (14) Forintos,G (2343)-Konopka,M (2484) Austria 1999}) 14. Nh4 Be6 15. Rfd1 Qd7 16. e4 Rad8 17. e5 Nfd5 18. Ne4 Nc7 19. Nc5 Qc8 $1 20. Qa5 Nb5 21. Nxb7 (21. Nxe6+ $14 Qxe6 22. Nf3) 21... Rxd4 ({Much weaker is} 21... Qxb7 $6 {[#]} 22. Qxb5 $1 cxb5 23. Bxb7 $16) (21... Nc4 $15 22. Qa6 Nxb2) 22. Rxd4 Nxd4 23. Nc5 Nc4 24. Qxa7 Nxe5 $2 {[%emt 0:07:46] [#]} (24... Nxb2 $11 {and Black has nothing to worry.} 25. Nxe6+ Nxe6) 25. Re1 $1 Nd7 26. Rd1 (26. Qa4 $18 {is more deadly.} Nb5 27. Nxe6+ fxe6 28. Nf3) 26... Nxc5 (26... Ne2+ $142 27. Kh1 Nf6) 27. Qxc5 Nf5 28. Nxf5+ Bxf5 29. Qxc6 Qb8 30. Qc3+ f6 31. b3 Rc8 32. Qe3 Qb4 33. h4 Rc2 34. Re1 e5 35. Qa7+ Kh6 36. Qe3+ ({White should try} 36. Rd1 $16) 36... Kg7 37. Qa7+ Kh6 38. Qe3+ $11 1/2-1/2

[Event "9th Sharjah Cup Women 2018"]
[Site "Sharjah"]
[Date "2018.12.15"]
[Round "2"]
[White "Khukhashvili, Sopiko"]
[Black "Alattar, Ghayda M."]
[Result "1-0"]
[ECO "B07"]
[WhiteElo "2338"]
[BlackElo "1944"]
[Annotator "ChessBase"]
[PlyCount "113"]
[EventDate "2018.12.14"]
[EventType "swiss"]
[EventCountry "UAE"]
[SourceTitle "playchess.com"]
[Source "ChessBase"]
[SourceQuality "1"]
[TimeControl "5400+30"]

1. e4 d6 2. d4 Nf6 3. Nc3 g6 4. h3 c6 5. Be3 Qa5 6. Qd2 Nbd7 7. Nf3 Bg7 8. Bd3 O-O 9. O-O e5 10. a3 Qc7 11. dxe5 dxe5 12. Rad1 b5 13. Ne2 a6 14. Ng3 Bb7 15. Bh6 c5 16. c3 Rad8 17. Bxg7 Kxg7 18. Qg5 Kh8 19. Bc2 Rfe8 20. Rd2 Re6 21. Rfd1 Rde8 22. Qh6 Nf8 23. Ng5 Rb6 24. Rd8 Qe7 25. Rxe8 Qxe8 26. Rd8 Ng8 27. Qxf8 Qxf8 28. Rxf8 f6 29. Nf3 Rd6 30. a4 Kg7 31. Rb8 Rd7 32. axb5 axb5 33. c4 bxc4 34. Ba4 Rc7 35. Bb5 Ne7 36. Bxc4 Bc8 37. Bd5 Ba6 38. Rb6 Bd3 39. Bb3 Nc6 40. Nd2 Nd4 41. Bd5 c4 42. Rb7 Rxb7 43. Bxb7 Nb5 44. Ba6 Nd6 45. Ngf1 f5 46. exf5 gxf5 47. Ne3 c3 48. Bxd3 cxd2 49. Be2 f4 50. Nf1 Ne4 51. f3 Nf6 52. Nxd2 Nd5 53. Bd3 h6 54. Be4 Nb4 55. Nb3 Kf6 56. Nc5 Na2 57. Nd3 1-0

[Event "9th Sharjah Cup Women 2018"]
[Site "Sharjah"]
[Date "2018.12.15"]
[Round "2"]
[White "Velikic, Adela"]
[Black "Nass, Sara"]
[Result "1-0"]
[ECO "D19"]
[WhiteElo "2298"]
[BlackElo "1840"]
[Annotator "NA"]
[PlyCount "41"]
[EventDate "2018.12.14"]
[EventType "swiss"]
[EventCountry "UAE"]
[SourceTitle "playchess.com"]
[Source "ChessBase"]
[SourceQuality "1"]
[TimeControl "5400+30"]

1. d4 d5 2. c4 c6 3. Nf3 Nf6 4. Nc3 dxc4 5. a4 Bf5 6. e3 e6 7. Bxc4 Bb4 8. O-O O-O 9. Qe2 Nbd7 10. h3 Bg6 11. Rd1 Qe7 {[%emt 0:13:01] D19: Slav Defence: 5 a4 Bf5 6 e3: Main line with 9 Qe2} 12. Bd3 Bh5 {[%emt 0:03:37] LiveBook: 4 Games} 13. e4 (13. g4 $5 Bg6 14. e4 $11) 13... e5 14. g4 $146 {[%emt 0:19:40] [#]} ({Predecessor:} 14. d5 cxd5 15. Nxd5 Nxd5 16. exd5 f5 17. d6 Bxd6 18. g4 fxg4 19. Ng5 Nf6 20. hxg4 Bxg4 21. Bxh7+ Kh8 22. f3 Bc5+ {0-1 (22) Andreasen,J (2189)-Hector,J (2498) Ballerup 2017}) 14... Bg6 $2 {[%emt 0:04:10] [#]} (14... Nxg4 $1 $17 15. hxg4 Bxg4) 15. dxe5 $1 Bxc3 16. bxc3 Nxe5 17. Nxe5 Qxe5 {[%emt 0:08:32] [#]} 18. f4 $1 Qxc3 19. Bd2 Qb3 20. f5 Rfd8 21. Bg5 $18 1-0

[Event "9th Sharjah Cup Women 2018"]
[Site "Sharjah"]
[Date "2018.12.15"]
[Round "2"]
[White "Kulkarni Bhakti"]
[Black "Mork, Ramona"]
[Result "1-0"]
[ECO "B10"]
[WhiteElo "2283"]
[BlackElo "1755"]
[Annotator "NA"]
[PlyCount "69"]
[EventDate "2018.12.14"]
[EventType "swiss"]
[EventCountry "UAE"]
[SourceTitle "playchess.com"]
[Source "ChessBase"]
[SourceQuality "1"]
[TimeControl "5400+30"]

1. e4 c6 2. c4 d5 3. cxd5 cxd5 4. exd5 Nf6 5. Qa4+ Nbd7 6. Nc3 g6 7. Nf3 Bg7 8. Bc4 O-O 9. d3 Nb6 10. Qb3 Bg4 {[%emt 0:07:12] B10: Caro-Kann: 2 d3 and 2 c4} 11. Nd2 {[%emt 0:06:18] LiveBook: 4 Games} (11. Ne5 Qc7 12. f4 Qc5 13. h3 Bc8 14. Ke2 Nh5 15. Kf3 e6 16. g4 exd5 17. Nxd5 Nxd5 18. Bxd5 Bxe5 19. gxh5 {1-0 (46) Zhigalko,A (2594)-Hovhannisyan,R (2641) Yerevan 2016}) 11... Qc7 ({Black should try} 11... a5 $15) 12. O-O $1 $11 {[%emt 0:00:47] and White is okay.} (12. Rf1 $2 ) 12... Nxc4 $146 ({Predecessor:} 12... Bf5 13. h3 Rfd8 14. Re1 h5 15. Nf3 Rac8 16. Nb5 Qb8 17. Be3 Nbxd5 18. Bxa7 {1-0 (27) Karthikeyan,M (2462)-Maslov,I (2095) Durban 2014}) 13. dxc4 a6 14. Re1 Rac8 15. Nd1 Bxd1 16. Qxd1 Rfe8 17. Rb1 b5 18. b3 Qa5 19. a3 Bh6 (19... bxc4 $14 20. bxc4 Nd7) 20. Ne4 Nxe4 21. Bxh6 Nd6 {[%emt 0:01:51] [#]} 22. c5 $1 Nf5 23. b4 Qc7 24. Bg5 f6 25. Bc1 Ng7 26. Qb3 Kh8 27. Bb2 Rcd8 28. Rbd1 Qb7 $2 (28... Rf8 29. g4 Rf7) 29. Rd3 Qd7 30. Red1 Qf5 31. h3 h6 32. Rf3 Qd7 33. d6 exd6 $18 34. Rxf6 Rf8 35. Rxg6 1-0

[Event "9th Sharjah Cup Women 2018"]
[Site "Sharjah"]
[Date "2018.12.15"]
[Round "2"]
[White "Zozulia, Anna"]
[Black "Almaini, Aishah Sarhan"]
[Result "1-0"]
[ECO "B06"]
[WhiteElo "2270"]
[BlackElo "1614"]
[Annotator "NA"]
[PlyCount "191"]
[EventDate "2018.12.14"]
[EventType "swiss"]
[EventCountry "UAE"]
[SourceTitle "playchess.com"]
[Source "ChessBase"]
[SourceQuality "1"]
[TimeControl "5400+30"]

1. e4 g6 2. d4 Bg7 3. Nf3 d6 4. c3 Nd7 5. Bd3 e5 6. O-O {[%emt 0:01:05] B06: Modern Defence} Ne7 7. Nbd2 O-O 8. Re1 (8. a4 h6 9. Qc2 exd4 10. cxd4 Nc6 11. Nb3 Nb4 12. Qd1 Nxd3 13. Qxd3 d5 {½-½ (31) Miton,K (2584)-Naiditsch,A (2705) Riadh 2017}) 8... Nc6 {[%emt 0:03:45] LiveBook: 24 Games} 9. dxe5 dxe5 $146 ({Predecessor:} 9... Ndxe5 10. Bf1 Re8 11. Nxe5 Nxe5 12. Nc4 Bg4 13. f3 Be6 14. Nxe5 Bxe5 15. Be3 c5 16. f4 {½-½ (55) Sklyarov,D (2437)-Luukkonen,T (2354) Hamina 2016}) 10. Bb5 Ndb8 11. Nf1 Ne7 12. Bg5 Qxd1 13. Raxd1 Nbc6 14. Ne3 h6 15. Bh4 g5 16. Bg3 a6 17. Bxc6 Nxc6 18. h4 (18. Nd5 $16) 18... f6 19. hxg5 hxg5 20. Nd5 Rf7 $1 21. Nd2 Be6 22. Nc4 b5 23. Nce3 Rd8 24. f3 Rfd7 25. Bf2 Bxd5 26. Rxd5 Ne7 27. Rxd7 Rxd7 28. Kf1 Kf7 29. Ke2 Ke6 30. Nc2 Nc6 31. Bc5 Rd8 32. Ne3 Bf8 33. Bxf8 Rxf8 34. Nd5 Rf7 35. Rh1 Na5 36. Nb4 Nc4 37. b3 Nb6 38. Nxa6 c6 39. Rd1 Ra7 40. Nc5+ Ke7 41. Rd2 Ra8 42. Kd1 Rg8 43. Ke2 g4 44. Nd3 gxf3+ 45. gxf3 Rg2+ 46. Ke3 Rxd2 47. Kxd2 Kd6 48. Nf2 c5 49. Ng4 Nd7 50. Kd3 Ke6 51. Ne3 Nb6 52. c4 b4 53. Nc2 Kd6 54. a3 bxa3 55. Nxa3 Nd7 56. Nb5+ Kc6 57. Nc3 Kd6 58. Nd5 Kc6 ({Black should try} 58... Ke6 $14) 59. Kc3 (59. Kd2 $18) 59... Kd6 60. b4 cxb4+ 61. Kxb4 Kc6 62. Ne3 Nc5 63. Ng4 Nd7 64. Nh6 Nc5 65. Ng8 Nd3+ 66. Kc3 Ne1 67. Nxf6 Nxf3 68. Ng4 Kc5 69. Nf6 $11 Nd4 70. Nd7+ Kd6 71. Nb6 Ne2+ 72. Kd3 Nf4+ 73. Ke3 Ne6 74. Na4 Kc6 75. Kd3 Nf4+ 76. Kc3 Ne2+ 77. Kb4 Nd4 78. Nb2 Nf3 79. Kc3 Kc5 80. Nd3+ Kd6 81. c5+ Kc6 82. Kb4 Kc7 83. Kc4 Kc6 84. Nb4+ Kc7 85. Kd5 Kb7 86. Nd3 Kc7 87. Nxe5 Ng5 88. Nd3 Nf7 89. e5 Nd8 90. Nb4 Kd7 91. c6+ Kc7 92. e6 Nxe6 93. Kxe6 Kc8 94. Kd6 Kd8 95. c7+ Kc8 96. Nd3 1-0

[Event "9th Sharjah Cup Women 2018"]
[Site "Sharjah"]
[Date "2018.12.15"]
[Round "2"]
[White "Stetsko, Lanita"]
[Black "Boubendir, Nesrine"]
[Result "1-0"]
[ECO "B43"]
[WhiteElo "2194"]
[BlackElo "1510"]
[Annotator "NA"]
[PlyCount "76"]
[EventDate "2018.12.14"]
[EventType "swiss"]
[EventCountry "UAE"]
[SourceTitle "playchess.com"]
[Source "ChessBase"]
[SourceQuality "1"]
[TimeControl "5400+30"]

1. e4 c5 2. Nf3 e6 3. d4 cxd4 4. Nxd4 a6 5. Nc3 Qc7 6. Bd3 Nf6 7. O-O Be7 8. Qe2 d6 9. Kh1 Nc6 10. Nxc6 bxc6 11. f4 e5 12. fxe5 {[%emt 0:18:56] B46: Sicilian: Taimanov: 5 Nc3 a6} (12. Bc4 O-O 13. f5 h6 14. g4 d5 15. Bb3 d4 16. Nd1 c5 17. Nf2 Bb7 18. Bc4 Nh7 19. Rg1 Bh4 20. Nh3 Nf6 21. g5 Nxe4 22. Rg2 Qc6 23. Qg4 Ng3+ {0-1 (23) Kaasen,T (2442)-Andreikin,D (2734) chess.com INT 2017}) 12... dxe5 13. Bc4 {[%emt 0:01:16] LiveBook: 4 Games} O-O 14. Be3 (14. h3 $14) 14... a5 15. Na4 $146 ({Predecessor:} 15. h3 Rb8 16. Bb3 Be6 17. Bg5 Bxb3 18. axb3 Rb4 19. Rf3 Rd8 20. Bxf6 Bxf6 {1-0 (31) Llaneza Vega,M (2426)-Lymar,I (2264) Pamplona 2007}) 15... Rb8 16. Nc5 Bxc5 17. Bxc5 Rd8 18. b3 Bg4 19. Qe1 Bh5 20. Qh4 Bg6 21. Rae1 Qd7 (21... Nh5 $14) 22. Bd3 (22. Rxf6 $16 gxf6 23. Qxf6) 22... Qg4 23. Qxg4 Nxg4 24. h3 Nf6 $16 25. Be7 {[%emt 0:00:27] Double Attack} Nh5 26. Bxd8 Ng3+ 27. Kg1 Nxf1 28. Bc7 Rc8 29. Bxe5 Nd2 30. Bc3 Nxe4 31. Bxe4 Re8 32. Bxg6 Rxe1+ 33. Bxe1 fxg6 34. Bxa5 Kf7 35. Bc3 g5 36. a4 g6 37. a5 Ke6 38. a6 Kd5 1-0

[Event "9th Sharjah Cup Women 2018"]
[Site "Sharjah"]
[Date "2018.12.15"]
[Round "2"]
[White "Babayan, Armine"]
[Black "Al Ali, Aisha Saif"]
[Result "1-0"]
[ECO "B83"]
[WhiteElo "2189"]
[BlackElo "1401"]
[Annotator "NA"]
[PlyCount "55"]
[EventDate "2018.12.14"]
[EventType "swiss"]
[EventCountry "UAE"]
[SourceTitle "playchess.com"]
[Source "ChessBase"]
[SourceQuality "1"]
[TimeControl "5400+30"]

1. e4 c5 2. Nf3 e6 3. d4 cxd4 4. Nxd4 Nf6 5. Nc3 d6 6. Be2 {[%emt 0:00:18] LiveBook: 3473 Games} Be7 7. Be3 O-O 8. Qd2 a6 9. g4 {[%emt 0:00:38] B84: Sicilian Scheveningen: 6 Be2 a6, lines without early Be3} b5 10. g5 Nfd7 ({Black should try} 10... b4 $11 11. gxf6 bxc3 12. Qxc3 Bxf6) 11. f4 (11. a3 $14) 11... Bb7 12. Bf3 Nb6 $146 ({Predecessor:} 12... Nc6 13. Nxc6 Bxc6 14. O-O-O Nb6 15. b3 Rb8 16. Rhf1 d5 17. Bxb6 Qxb6 18. exd5 {½-½ (33) Varga,Z (2479)-Nisipeanu,L (2692) Eforie Nord 2008}) 13. b3 N8d7 14. O-O Nc5 15. Qg2 Re8 16. f5 Bf8 $2 (16... b4 $11 {and Black is okay.} 17. fxe6 fxe6) 17. f6 (17. g6 $16 fxg6 18. fxg6) 17... g6 18. h4 $1 e5 19. Nde2 Ne6 20. h5 b4 $18 21. hxg6 fxg6 22. Nd5 Nxd5 23. exd5 Nc5 24. Be4 Kh8 25. Bxg6 hxg6 26. Qh3+ Kg8 27. f7+ Kg7 28. Qh6# 1-0

[Event "9th Sharjah Cup Women 2018"]
[Site "Sharjah"]
[Date "2018.12.15"]
[Round "2"]
[White "Berke, Ana"]
[Black "Khezrian, Nooralzahra"]
[Result "1-0"]
[ECO "A01"]
[WhiteElo "2151"]
[BlackElo "1317"]
[Annotator "NA"]
[PlyCount "75"]
[EventDate "2018.12.14"]
[EventType "swiss"]
[EventCountry "UAE"]
[SourceTitle "playchess.com"]
[Source "ChessBase"]
[SourceQuality "1"]
[TimeControl "5400+30"]

1. b3 b6 2. Bb2 Bb7 3. c4 c5 4. d3 e6 5. Nc3 Nf6 6. e4 d5 7. e5 Nfd7 8. f4 (8. cxd5 $1 $15 exd5 9. f4) 8... dxc4 (8... d4 $17 9. Ne4 Bxe4 10. dxe4 g5) 9. dxc4 Qh4+ 10. g3 Qd8 11. Nf3 Nc6 12. Bg2 a6 13. O-O Be7 14. Qe2 Qc7 (14... O-O $16) 15. Ne4 O-O-O (15... O-O $16 {is a better defense.} 16. Rad1 Rad8) 16. Kh1 (16. Nfg5 $18 {and White stays clearly on top.} Rdf8 {[#]} 17. Nd6+ $1 Bxd6 18. exd6 {[%mdl 64] Discovered Attack} Qxd6 19. Bxg7 {[%mdl 64] Double Attack}) 16... h6 17. Rad1 Ndb8 18. h3 Rd7 19. Rxd7 Qxd7 20. Rd1 Qc7 21. Qd2 $16 Qd8 22. Qe1 Qf8 23. a3 f5 24. exf6 gxf6 25. Nxf6 Nd4 26. Bxd4 cxd4 27. Qxe6+ Kc7 28. Nd5+ Bxd5 29. Qxd5 Bxa3 30. Nxd4 Qe7 31. Qb7+ Kd8 32. Nc6+ Ke8 33. Nxe7 Bxe7 34. Qxb8+ Kf7 35. Qxh8 Bc5 36. Qxh6 Bb4 37. Rd7+ Ke8 38. Qe6+ 1-0

[Event "9th Sharjah Cup Women 2018"]
[Site "Sharjah"]
[Date "2018.12.15"]
[Round "2"]
[White "Bauyrzhan, Arnash"]
[Black "Szczepkowska, Karina"]
[Result "0-1"]
[ECO "C55"]
[WhiteElo "1978"]
[BlackElo "2408"]
[Annotator "ChessBase"]
[PlyCount "112"]
[EventDate "2018.12.14"]
[EventType "swiss"]
[EventCountry "UAE"]
[SourceTitle "playchess.com"]
[Source "ChessBase"]
[SourceQuality "1"]
[TimeControl "5400+30"]

1. e4 e5 2. Nf3 Nc6 3. Bc4 Nf6 4. d3 Be7 5. O-O O-O 6. Re1 d6 7. a4 Na5 8. Ba2 c5 9. Na3 Nc6 10. c3 h6 11. Nc2 Be6 12. Bxe6 fxe6 13. b4 Nd7 14. Be3 Qe8 15. bxc5 dxc5 16. Na3 Na5 17. Nd2 Qg6 18. Nac4 Nc6 19. Qb3 Rab8 20. Reb1 Kh8 21. Qd1 b6 22. Ra2 Bd8 23. Rab2 a6 24. Nf3 Bc7 25. Nh4 Qf7 26. Qg4 Kh7 27. Qh3 Qf6 28. Nf3 Kg8 29. Qg3 Rb7 30. h3 Rfb8 31. Nh2 Kh7 32. Ng4 Qg6 33. Na3 Na7 34. Nh2 Qxg3 35. fxg3 b5 36. axb5 axb5 37. Nf3 Kg8 38. Kf2 Kf7 39. Ke2 Ke7 40. g4 Kd6 41. g5 h5 42. Bf2 Kc6 43. Bg3 Rb6 44. Nc2 Ra6 45. Ra1 Rxa1 46. Nxa1 Nc8 47. Nc2 Ra8 48. Kd2 Ncb6 49. Ne3 Ra3 50. Kc2 Na4 51. Rb3 Ra2+ 52. Kd1 Nb2+ 53. Kc1 Nxd3+ 54. Kd1 c4 55. Rb1 N7c5 56. Nd2 Na4 0-1

[Event "9th Sharjah Cup Women 2018"]
[Site "Sharjah"]
[Date "2018.12.15"]
[Round "2"]
[White "Al Maamari, Wafia Darwish"]
[Black "Gevorgyan, Irina"]
[Result "0-1"]
[ECO "D00"]
[WhiteElo "1829"]
[BlackElo "2301"]
[Annotator "ChessBase"]
[PlyCount "64"]
[EventDate "2018.12.14"]
[EventType "swiss"]
[EventCountry "UAE"]
[SourceTitle "playchess.com"]
[Source "ChessBase"]
[SourceQuality "1"]
[TimeControl "5400+30"]

1. d4 d5 2. Bf4 c6 3. c3 Nf6 4. e3 Bf5 5. Nd2 Nbd7 6. Be2 g6 7. g4 Be6 8. h3 h5 9. g5 Ne4 10. Nxe4 dxe4 11. f3 Bf5 12. h4 Bg7 13. Nh3 e5 14. Bg3 exd4 15. exd4 Qe7 16. Kf2 O-O 17. fxe4 Bxh3 18. Rxh3 Qxe4 19. Bd3 Qe6 20. Rh1 c5 21. dxc5 Nxc5 22. Qc2 Rad8 23. Rhd1 Rfe8 24. Bb5 Ne4+ 25. Kg2 Qg4 26. Bxe8 Qxg3+ 27. Kf1 Rxe8 28. Re1 Qf3+ 29. Kg1 Bf8 30. b4 Bg7 31. Rad1 Bxc3 32. Rd3 Qg4+ 0-1

[Event "9th Sharjah Cup Women 2018"]
[Site "Sharjah"]
[Date "2018.12.15"]
[Round "2"]
[White "Al Ghafri, Wafia"]
[Black "Gu, Xiaobing"]
[Result "0-1"]
[ECO "A49"]
[WhiteElo "1675"]
[BlackElo "2295"]
[Annotator "NA"]
[PlyCount "72"]
[EventDate "2018.12.14"]
[EventType "swiss"]
[EventCountry "UAE"]
[SourceTitle "playchess.com"]
[Source "ChessBase"]
[SourceQuality "1"]
[TimeControl "5400+30"]

1. d4 Nf6 2. Nf3 g6 3. g3 Bg7 4. Bg2 d6 5. O-O O-O 6. c4 Nc6 7. Nc3 Rb8 8. e3 a6 9. b3 b5 {[%emt 0:00:38] LiveBook: 77 Games E63: King's Indian: Fianchetto: Panno Variation with 7...a6} 10. a3 $146 ({Predecessor:} 10. Qe2 Bd7 11. Bb2 Na5 12. Nd2 Bg4 13. f3 Bd7 14. Rfd1 Re8 15. Rac1 bxc4 16. Nxc4 c6 17. e4 Bh6 18. Ne3 {½-½ (35) Ghaem Maghami,E (2523)-Jones,G (2675) Dubai 2018}) 10... bxc4 11. bxc4 Na5 12. Qd3 c5 13. Bd2 cxd4 (13... Bf5 $17 14. e4 Bg4) 14. Nxd4 Nd7 (14... Bd7 $15) 15. Rab1 $2 (15. Nd5 $16 {is forced if you want to stay better.} Ne5 16. Bxa5 Qxa5 17. Nxe7+ Kh8 18. Nec6) 15... Ne5 16. Qe2 Rxb1 17. Rxb1 Nexc4 18. Nc2 (18. Nd5 $15) 18... Bf5 19. e4 {[%emt 0:02:01] [#]} Bg4 $1 20. f3 Be6 21. Be1 Qc7 (21... Bd7 $142 22. Rb4 Qa8) 22. Nd5 Bxd5 23. exd5 Qc5+ 24. Bf2 Qxd5 25. Qxe7 Qd3 (25... Qd2 $17 26. Ne3 Bd4) 26. Nb4 $2 (26. Qe4 $17 Qxe4 27. fxe4) 26... Qxb1+ 27. Qe1 Qxe1+ 28. Bxe1 Re8 29. Kf2 Bd4+ 30. Kf1 Ne3+ 31. Kg1 Ng4+ 32. Kh1 Rxe1+ 33. Bf1 Rxf1+ 34. Kg2 Rg1+ 35. Kh3 Nf2+ 36. Kh4 Bf6# 0-1